AoeStats
← CNZS_DongHaiDi

Arabia

506382753Analyzed
1v1 RM · 20d ago on Sep 13, 2026· 54m 56s· 2 players
Game mode
Random Map
Map size
Tiny (2 player)
Population
200
Speed
Normal
Resources
Standard
Victory
Conquest
Starting age
Dark Age
Ending age
Imperial Age
RankedLock teamsTeams togetherTeam positionsShared explorationLock speedFull tech treeHidden civsTurbo modeCheats
Victory
Defeat
🇮🇳 Tupi · India
2427
+15
🇧🇪 Italians · Belgium
2404
-15
Macluffy
8:24 Feudal Age
8:57 Loom
13:55 Double-Bit Axe
15:34 Fletching
21:48 Castle Age
20:19 Horse Collar
21:17 Bloodlines
21:52 Scale Barding Armor
21:53 Crossbowman
22:48 Bodkin Arrow
26:20 Forging
29:27 Wheelbarrow
29:33 Bow Saw
30:09 Gold Mining
32:56 Husbandry
33:18 Chain Barding Armor
35:05 Light Cavalry
42:47 Imperial Age
40:13 Elite Skirmisher
41:14 Ballistics
41:31 Iron Casting
42:56 Cavalier
44:05 Onager
49:53 Chemistry
49:52 Masonry
51:11 Hand Cart
50:42 Town Watch
51:25 Heavy Plow
55:21 Plate Barding Armor
CNZS_DongHaiDi
7:51 Loom
10:00 Feudal Age
10:07 Champi Runner
10:36 Double-Bit Axe
13:29 Fletching
15:23 Padded Archer Armor
15:26 Scale Mail Armor
16:18 Padded Archer Armor
18:22 Wheelbarrow
22:23 Castle Age
21:41 Forging
22:25 Elite Skirmisher
23:03 Bodkin Arrow
22:34 Champi Warrior
24:18 Leather Archer Armor
24:26 Chain Mail Armor
25:14 Ballistics
26:03 Squires
32:47 Town Watch
33:57 Iron Casting
34:10 Sanctity
35:19 Hand Cart
34:51 Horse Collar
35:22 Bow Saw
36:35 Pikeman
38:27 Heavy Plow
38:18 Gold Mining
43:13 Imperial Age
42:25 Heavy Plow
42:23 Stone Mining
44:00 Bracer
45:19 Chemistry
44:10 Halberdier
45:38 Conscription
45:28 Elite Champi Warrior
47:03 Caciques
48:31 Curare
49:48 Plate Mail Armor
50:52 Elite Blackwood Archer
55:03 Gold Shaft Mining
55:37 Ring Archer Armor
Connection lost

Rejoining the realm…

Still unreachable

The connection could not be restored.

Session expired

The server has moved on; the page needs a fresh start.